 Dungeon Crawl Stone Soup version 0.30.1-11-g7821555f0a (webtiles) character file.

Game seed: 5950696971261031124

4078 lonewolfV2 the Protected (level 10, -9/95 HPs)
             Began as a Minotaur Fighter on Nov 9, 2023.
             Was a Priest of Qazlal.
             Killed from afar by an efreet (21 damage)
             ... with a bolt of fire
             ... on level 8 of the Dungeon.
             The game lasted 00:12:18 (7230 turns).

lonewolfV2 the Protected (Minotaur Fighter)         Turns: 7230, Time: 00:12:19

Health: -9/95      AC: 15    Str: 20    XL:     10   Next: 5%
Magic:  13/13      EV:  8    Int:  5    God:    Qazlal [***...]
Gold:   339        SH:  9    Dex: 15    Spells: 9/9 levels left

rFire   . . .        a - +2 war axe (flame)
rCold   + . .        c - +0 buckler
rNeg    . . .        d - +0 chain mail
rPois   .            u - +0 hat of Zypnuicul {rC+}
rElec   .            (no cloak)
rCorr   .            x - +1 pair of gloves
SInv    .            (no boots)
Will    .....        l - amulet of the acrobat Stlth
                     n - +4 ring of slaying
HPRegen 0.35/turn    (no ring)
MPRegen 0.13/turn

%: acrobat
@: no status effects
A: horns 2, retaliatory headbutt
a: Renounce Religion, Upheaval, Elemental Force


You were on level 8 of the Dungeon.
You worshipped Qazlal.
Qazlal was most pleased with you.
You visited 2 branches of the dungeon, and saw 9 of its levels.
You also visited: Sewer and Ossuary.

You collected 339 gold pieces.

Inventory:

Hand Weapons
 a - a +2 war axe of flaming (weapon)
 v - a +2 broad axe of flaming
Armour
 c - a +0 buckler (worn)
 d - a +0 chain mail (worn)
 u - the +0 hat of Zypnuicul (worn) {rC+}
   (You found it on level 6 of the Dungeon)

   rC:        It protects you from cold.
 x - a +1 pair of gloves (worn)
Jewellery
 l - an amulet of the acrobat (around neck)
 n - a +4 ring of slaying (left hand)
 q - a ring of positive energy
 y - a ring of protection from fire
Wands
 b - a wand of digging (5)
 r - a wand of flame (9)
 w - a wand of roots (7)
 z - a wand of quicksilver (5)
Scrolls
 h - 2 scrolls of poison
 j - 4 scrolls of magic mapping
 k - 7 scrolls of teleportation
 t - 2 scrolls of fog
 C - 2 scrolls of fear
Potions
 e - 3 potions of attraction
 f - 2 potions of mutation
 g - 3 potions of haste
 i - 2 potions of ambrosia
 m - a potion of magic
 o - 7 potions of curing
 p - 2 potions of resistance
 s - 3 potions of might
 A - a potion of brilliance {unknown}
 B - a potion of lignification {unknown}
 D - a potion of heal wounds {unknown}


   Skills:
 - Level 11.0 Fighting
 - Level 2.4 Axes
 - Level 12.4 Armour
 - Level 3.6 Shields
 * Level 5.8 Invocations


You had 9 spell levels left.
You didn't know any spells.
Your spell library contained the following spells:

 Spells                   Type           Power      Damage    Failure   Level
 Gell's Gravitas          Tloc           0%         N/A       100%        3
 Teleport Other           Tloc           0%         N/A       100%        3
 Dispersal                Tloc           0%         N/A       100%        6


Dungeon Overview and Level Annotations

Branches:
Dungeon (8/15)             Temple (1/1) D:4           Sewer (visited)
Ossuary (visited)
   Lair: D:8-11

Altars:
Ashenzari
Elyvilon
Fedhas
Gozag
Hepliaklqana
Kikubaaqudgha
Makhleb
Okawaru
Qazlal
Ru
Sif Muna
Trog
Uskayaw
Vehumet
Wu Jian
Xom
Yredelemnul
Zin
The Shining One

Shops:
D:2 [   D:4 ?


Innate Abilities, Weirdness & Mutations

You have a pair of horns on your head.
You reflexively headbutt those who attack you in melee.


Message History

a +0 dagger; a +0 robe
Items here: ( )) †.
Could not explore, unopened door.
Could not explore, unopened door.
You open the door.
There is an open door here.
An efreet comes into view.
It is wielding a +1 scimitar of flaming.
An efreet is nearby!
The efreet gestures at you. The bolt of fire hits you!!
The efreet barely misses you.
You slash the efreet! You headbutt the efreet.
The efreet is heavily wounded.
The efreet gestures at you.
The fireball explodes!
The fireball engulfs you!!
The fireball engulfs the efreet.
The efreet completely resists.
The efreet gestures at you. The bolt of fire misses you.
You hit the efreet but do no damage.
The efreet is heavily wounded.
The efreet gestures at you.
The fireball explodes!
The fireball engulfs you!!
The fireball engulfs the efreet.
The efreet completely resists.
You hit the efreet but do no damage.
You headbutt the efreet, but do no damage.
The efreet is heavily wounded.
You block the efreet's attack. x2
You barely miss the efreet.
The efreet is heavily wounded.
The efreet closely misses you. You furiously retaliate!
You headbutt the efreet! You hit the efreet. Your headbutt misses the efreet.
The efreet is severely wounded.
The efreet hits you with a +1 scimitar of flaming!!
* * * LOW HITPOINT WARNING * * *
The efreet burns you.
* * * LOW HITPOINT WARNING * * *
The efreet gestures at you. The bolt of fire hits you!!
You die...

,,,**,*,****..# ,,,,*,,,* *#.#
,,,,,,,** #.#### ,,,,*,,* #.)))##
,,,**,** ####).## *****,*
#.).####### ,,,,,,****
#.#...†...# ***** ,,,,,,,,,*
##'#######.# *,,,,
**,*****,*****#.@R######.####,,,,
,,,,,,,,,,,,,#.###.#........+,,,,
+*****,*,****#.*,*.######.###....
,,,* *,*,* #.*+*,######'###....
,,,* *,*,* ##,,,**#.........#**
,,,* *,,,* ***** #.........#
,,,*********** #.........#
,,,**,,,,,,,,* #.........#
,,,**,,,,,,,,* #.........#


You could see an efreet.

Vanquished Creatures
  Maggie (D:8)
  2 kobold demonologists (D:8)
  Prince Ribbit (D:7)
  Eustachio (D:4)
  3 wyverns
  Menkaure (Ossuary)
  Duvessa (D:7)
  Pargi (Sewer)
  An ice beast (D:5)
  A sky beast (D:6)
  3 orc warriors
  2 centaurs (D:7)
  An ogre (D:5)
  2 phantoms (D:6)
  2 kobold brigands (D:8)
  2 bullfrogs (D:7)
  A scorpion (D:5)
  4 wights (D:6)
  Dowan (D:7)
  3 hounds
  A jelly (D:5)
  A gnoll bouda (D:6)
  2 orc priests (D:7)
  3 sleepcaps
  4 iguanas
  3 mummies (Ossuary)
  5 gnolls (D:6)
  8 adders
  A white imp (D:6)
  An ufetubus (D:5)
  2 dart slugs
  3 worms
  22 orcs
  4 bats
  11 endoplasms
  7 giant cockroaches
  3 gnoll zombies (Ossuary)
  2 goblins (D:3)
  8 hobgoblins
  4 jackals
  4 quokkas
  14 ball pythons
  3 frilled lizards
  2 gnoll skeletons (Ossuary)
  5 goblin skeletons (Ossuary)
  4 goblin zombies (Ossuary)
  5 hobgoblin skeletons (Ossuary)
  6 hobgoblin zombies (Ossuary)
  11 kobolds
  2 kobold skeletons (Ossuary)
  2 kobold zombies (Ossuary)
  8 orc skeletons (Ossuary)
  6 orc zombies (Ossuary)
  7 rats
  3 rat skeletons (Ossuary)
  4 rat zombies (Ossuary)
215 creatures vanquished.

Notes
Turn   | Place    | Note
-------+----------+-------------------------------------------
     0 | D:1      | lonewolfV2 the Minotaur Fighter began the quest for the
                  | Orb.
     0 | D:1      | Reached XP level 1. HP: 19/19 MP: 0/0
     1 | D:1      | Found a runed translucent door.
    27 | D:1      | Reached XP level 2. HP: 23/28 MP: 1/1
   100 | D:1      | Reached skill level 5 in Fighting
   154 | D:1      | Reached XP level 3. HP: 22/36 MP: 2/2
   272 | D:1      | You fall into a shaft and drop 1 floor!
   331 | D:2      | Found Heit's Armour Shop.
   583 | D:2      | Reached XP level 4. HP: 44/44 MP: 3/3
  1160 | D:3      | Found an opulent altar of Gozag.
  1283 | D:3      | Found a glowing drain.
  1294 | Sewer    | Entered a sewer
  1398 | Sewer    | Noticed Pargi
  1412 | Sewer    | Killed Pargi
  1413 | Sewer    | Reached XP level 5. HP: 20/53 MP: 4/4
  1714 | D:3      | Found a sacrificial altar of Ru.
  1766 | D:3      | Found a hide-covered altar of Uskayaw.
  1881 | D:3      | Found an iron altar of Okawaru.
  1885 | D:3      | Found a white marble altar of Elyvilon.
  2224 | D:3      | Found a glowing golden altar of the Shining One.
  2229 | D:3      | Found a shimmering altar of Xom.
  2232 | D:3      | Found an ornate altar of the Wu Jian Council.
  2523 | D:4      | Reached XP level 6. HP: 59/61 MP: 5/5
  2697 | D:4      | Found Kimutin's Magic Scroll Shop.
  2720 | D:4      | Found a basalt altar of Yredelemnul.
  2782 | D:4      | Noticed Eustachio
  2803 | D:4      | Killed Eustachio
  3234 | D:4      | Found a staircase to the Ecumenical Temple.
  3246 | Temple   | Entered the Ecumenical Temple
  3271 | Temple   | Became a worshipper of Qazlal Stormbringer
  3589 | D:4      | Identified the +4 ring mail of the Tick {rF- Regen+ Int+9}
  3801 | D:5      | Entered Level 5 of the Dungeon
  3811 | D:5      | Noticed an ice beast
  3815 | D:5      | Killed an ice beast
  3816 | D:5      | Reached XP level 7. HP: 71/71 MP: 6/6
  3908 | D:5      | Reached skill level 10 in Fighting
  4643 | D:6      | Reached skill level 4 in Armour
  4753 | D:6      | Reached skill level 5 in Armour
  4753 | D:6      | Reached XP level 8. HP: 64/82 MP: 7/7
  4776 | D:6      | Reached skill level 6 in Armour
  4817 | D:6      | Reached skill level 7 in Armour
  5260 | D:6      | Identified the +0 hat of Zypnuicul {rC+}
  5429 | D:6      | Reached skill level 8 in Armour
  5839 | D:7      | Reached skill level 9 in Armour
  5859 | D:7      | Reached * piety under Qazlal
  5982 | D:7      | Found a burning altar of Makhleb.
  6051 | D:7      | Reached skill level 10 in Armour
  6079 | D:7      | Reached XP level 9. HP: 72/89 MP: 8/8
  6137 | D:7      | Noticed Prince Ribbit
  6141 | D:7      | Killed Prince Ribbit
  6193 | D:7      | Noticed Dowan
  6194 | D:7      | Noticed Duvessa
  6202 | D:7      | Reached skill level 11 in Armour
  6211 | D:7      | Killed Dowan
  6212 | D:7      | Killed Duvessa
  6582 | D:8      | Noticed Maggie
  6592 | D:8      | Killed Maggie
  6593 | D:8      | Reached skill level 12 in Armour
  6643 | D:8      | Found a sand-covered staircase.
  6648 | Ossuary  | Entered an ossuary
  6726 | Ossuary  | Reached ** piety under Qazlal
  6936 | Ossuary  | Noticed Menkaure
  6944 | Ossuary  | Killed Menkaure
  6945 | Ossuary  | Reached skill level 1 in Invocations
  6961 | Ossuary  | Reached *** piety under Qazlal
  7188 | D:8      | Noticed a kobold demonologist
  7196 | D:8      | Killed a kobold demonologist
  7197 | D:8      | Reached skill level 5 in Invocations
  7197 | D:8      | Noticed a kobold demonologist
  7200 | D:8      | Noticed a smoke demon
  7200 | D:8      | Killed a kobold demonologist
  7201 | D:8      | Reached XP level 10. HP: 95/95 MP: 11/13
  7230 | D:8      | Killed from afar by an efreet

Illustrated notes

Levels and vault maps discovered:
D:1:      dpeg_arrival_caged_fury, layout_basic,
          amcnicky_mini_rare_corridor_liquid
D:2:      layout_loops_ring, serial_shops, shop, corexii_leaking_fountain
D:3:      layout_basic, mainiacjoe_overflow_catch_the_wave,
          nicolae_overflow_hidden_temple, mainiacjoe_overflow_chevrons,
          cheibrodos_sewer_entry_sluice, kennysheep_generic_room_4
D:4:      layout_basic, mainiacjoe_overflow_tiny_flanked, temple_statues,
          serial_shops, nicolae_shop_rolled_up, uniq_eustachio
D:5:      layout_cave_pods
D:6:      layout_loops_ring
D:7:      layout_rooms, mainiacjoe_overflow_alcove_2, uniq_duvessa,
          uniq_prince_ribbit1
D:8:      layout_basic, enter_ossuary_2, minmay_misc_feat_enclosed,
          kennysheep_just_a_vault, uniq_maggie
Temple:   nicolae_temple_x_marks_the_god

Skill      XL: |  1  2  3  4  5  6  7  8  9 |
---------------+----------------------------+-----
Fighting       | 4 5 6 7 8 9 11 | 11.0
Armour         | 5 10 12 | 12.4
Invocations    | 5 |  5.8
Axes           | |  2.4
Shields        | |  3.6

Action                     |  1- 3 |  4- 6 |  7- 9 | 10-12 || total
---------------------------+-------+-------+-------+-------++-------
  Melee: War axe           |    62 |   138 |   210 |    15 ||   425
         Headbutt          |    10 |    20 |    41 |     4 ||    75
    Use: Scroll            |       |     9 |    10 |       ||    19
         Potion            |       |     1 |     1 |       ||     2
 Armour: Scale mail        |    50 |    54 |       |       ||   104
         Chain mail        |       |     4 |    74 |       ||    78
  Dodge: Dodged            |    35 |    94 |   114 |     6 ||   249
  Block: Buckler           |    20 |    41 |    51 |     7 ||   119
